 Dungeon Crawl Stone Soup version 0.28.0-53-g5a82cb258f (webtiles) character file.

Game seed: 13943353231052986281

151 firemarshallily the Chopper (level 5, -8/60 HPs)
             Began as a Djinni Wanderer on July 28, 2022.
             Was a Plaything of Xom.
             Killed by divine providence
             ... invoked by an orc priest
              (14 damage)
             ... on level 3 of the Dungeon.
             The game lasted 00:13:26 (3421 turns).

firemarshallily the Chopper (Djinni Wanderer)       Turns: 3421, Time: 00:13:27

Health: -8/60      AC: 22    Str: 12    XL:     5   Next: 59%
Gold:   64         EV:  2    Int: 16    God:    Xom [....*.] SH:  0 Dex: 17

rFire   . . .      SeeInvis .   a - +0 war axe
rCold   . . .      Faith    .   (no shield)
rNeg    . . .      Spirit   .   (armour currently unavailable)
rPois   ∞          Reflect  .   (helmet currently unavailable)
rElec   .          Harm     .   (cloak currently unavailable)
rCorr   .          Rampage  .   (gloves currently unavailable)
Will    .....      NoTele   +   (boots unavailable)
Stlth   ++........              (no amulet)
HPRegen 0.20/turn               o - +6 ring of dexterity
MPRegen 0.00/turn               (no ring)

@: tree-form
A: stationary, stasis, torment immunity, boosted hp, sickness immunity, (fire
resistance 2), (cold vulnerability 1), float, innate caster, HP casting, extra
vitality 1
a: Renounce Religion


You were on level 3 of the Dungeon.
You worshipped Xom.
You were a beloved toy of Xom.
You were a tree.
You visited 1 branch of the dungeon, and saw 3 of its levels.

You collected 64 gold pieces.

Inventory:

Hand Weapons
 a - a +0 war axe (weapon)
Missiles
 i - 2 poisoned darts (quivered)
Armour
 c - a +0 pair of gloves (melded)
 d - a +0 robe
 g - a +0 pair of gloves
 k - the +10 scale mail of Verdant Tender Moments (melded) {rF++}
   (You found it on level 2 of the Dungeon)

   rF:        It greatly protects you from fire.
Jewellery
 o - a +6 ring of dexterity (left branch)
Wands
 h - a wand of charming (3)
 n - a wand of paralysis (4)
Scrolls
 e - a scroll of immolation
 j - a scroll of teleportation
 l - a scroll of magic mapping {unknown}
 m - a scroll of fear {unknown}
Potions
 f - 3 potions of attraction


   Skills:
 * Level 2.8 Fighting
 + Level 3.4 Axes
 + Level 1.0 Armour
 - Level 2.0 Dodging
 - Level 1.5 Stealth
 - Level 1.0 Unarmed Combat
 * Level 2.0 Spellcasting
 - Level 2.0 Evocations


You had 5 spell levels left.
You knew the following spells:

 Your Spells              Type           Power      Damage    Failure   Level
a - Shock                 Conj/Air       32%        1d5       9%          1
b - Call Imp              Summ           8%         N/A       14%         2
Your spell library was empty.

Dungeon Overview and Level Annotations

Branches:
Dungeon (3/15)

Altars:
Xom
Yredelemnul


Innate Abilities, Weirdness & Mutations

You are a tree.
Your roots penetrate the ground, keeping you stationary.
You cannot be teleported.
You are immune to unholy pain and torment.
Your maximum health is greatly increased.
Your equipment is partially melded.
You are immune to sickness and miasma.
You are immune to poison.
((Your flesh is very heat resistant. (rF++)))
((You are vulnerable to cold. (rC-)))
You float through the air rather than walking.
You learn spells naturally, not from books.
Your magical power is your life essence.
You have superior vitality. (+4 MHP)


Message History

You slash the orc priest! You barely miss the hobgoblin.
You closely miss something. You hit the orc.
You kill the orc!
The orc priest completely misses you.
The orc priest hits you but does no damage.
The hobgoblin hits you but does no damage.
Something hits you but does no damage.
The orc priest hits you with a +0 hand axe.
The orc hits you but does no damage.
The orc priest hits you but does no damage.
The hobgoblin hits you.
You hit the orc priest.
The orc priest is heavily wounded.
You slash the orc priest! You hit the hobgoblin.
You kill the hobgoblin!
You closely miss something. You barely miss the orc.
You feel yourself speed up. Something hits you but does no damage.
The orc priest hits you but does no damage.
The orc hits you but does no damage.
The orc priest invokes the aid of Beogh against you.
Beogh smites you!
* * * LOW HITPOINT WARNING * * *
Something hits you but does no damage.
The crimson imp hits you but does no damage.
The orc priest hits you but does no damage.
The orc hits you but does no damage.
The orc priest hits you but does no damage.
Something hits you but does no damage.
Your Armour skill increases to level 1!
You hit the orc priest.
You kill the orc priest!
You closely miss the orc priest. You hit the orc but do no damage.
You hit the crimson imp but do no damage.
You closely miss something.
The crimson imp hits you but does no damage.
The orc completely misses you.
The orc priest invokes the aid of Beogh against you.
Beogh smites you!
You die...

... ## .... ..
##.... ##
#####...... ..
#.........# ##
#.........#
#.†)o.....#
#..♣o.....# #
#...5.....# .
#.........# #
#.........'
#.........# ##
#.........#..##
#$........$...#
#.........P.P.#
#######..._..#


You could see an orc priest, a crimson imp (summoned) and an orc.

Vanquished Creatures
  An orc priest (D:3)
  Ijyb (D:3)
  Natasha (twice) (D:3)
  An adder (D:3)
  2 worms
  A dart slug (D:1)
  2 orcs (D:3)
  5 ball pythons
  9 endoplasms
  A giant cockroach (D:1)
  9 hobgoblins
  3 kobolds
  2 quokkas (D:1)
  9 bats
  3 frilled lizards (D:1)
  A goblin (D:1)
  6 rats
58 creatures vanquished.

Notes
Turn   | Place    | Note
-------+----------+-------------------------------------------
     0 | D:1      | firemarshallily the Djinni Wanderer began the quest for the
                  | Orb.
     0 | D:1      | Reached XP level 1. HP: 15/15 MP: 0/0
   171 | D:1      | Found a faded altar of an unknown god.
   179 | D:1      | Prayed at the altar of an unknown god.
   179 | D:1      | Became a worshipper of Xom of Chaos
   218 | D:1      | Reached XP level 2. HP: 21/22 MP: 0/0
   226 | D:1      | Reached skill level 1 in Fighting
   292 | D:1      | XOM: silly message
   544 | D:1      | XOM: silly message
   545 | D:1      | XOM: noise
   562 | D:1      | Reached XP level 3. HP: 12/27 MP: 0/0
   562 | D:1      | Learned a level 1 spell: Shock
   671 | D:1      | XOM: silly message
   834 | D:1      | Reached skill level 1 in Spellcasting
  1288 | D:1      | You are sucked into a shaft and drop 1 floor!
  1377 | D:2      | XOM: silly message
  2142 | D:2      | Identified the +10 scale mail of Verdant Tender Moments
                  | {rF++}
  2535 | D:3      | Reached XP level 4. HP: 29/33 MP: 0/0
  2908 | D:3      | Noticed Ijyb
  2915 | D:3      | Killed Ijyb
  3029 | D:3      | Found a basalt altar of Yredelemnul.
  3029 | D:3      | XOM: 5-stop teleportation journey
  3035 | D:3      | Noticed Natasha
  3044 | D:3      | Killed Natasha
  3045 | D:3      | Reached XP level 5. HP: 36/39 MP: 0/0
  3045 | D:3      | Learned a level 2 spell: Call Imp
  3406 | D:3      | Noticed Natasha
  3406 | D:3      | XOM: 1-stop teleportation journey
  3407 | D:3      | XOM: summons 2 hostile demons
  3418 | D:3      | Killed Natasha
  3421 | D:3      | Reached skill level 1 in Armour
  3421 | D:3      | Killed from afar by an orc priest

Illustrated notes

Levels and vault maps discovered:
D:1:      minmay_arrival_plants_in_alcoves, layout_basic,
          shapermc_ecumenical_altar_mp_highgroup, serial_co_window_serial,
          co_window_corner_a, co_window_paths_b, co_window_paths_b,
          co_window_paths_b, co_window_corner_a, co_window_corner_a,
          co_window_cross_1, co_window_2corner, co_window_unsneaky_path_a,
          co_window_paths_c, co_window_paths_e, minmay_misc_feat_iff
D:2:      layout_basic
D:3:      layout_basic, yredelemnul_altar_generic, uniq_ijyb, uniq_natasha

Skill      XL: |  1  2  3  4  5 |
---------------+----------------+-----
Fighting       | 1 2 |  2.8
Spellcasting   | 1 2 |  2.0
Dodging        | 2 |  2.0
Armour         | 1 |  1.0
Axes           | |  3.4
Stealth        | |  1.5
Unarmed Combat | |  1.0
Evocations     | |  2.0

Action                   |  1- 3 |  4- 6 || total
-------------------------+-------+-------++-------
Melee: War axe           |   167 |    68 ||   235
       Punch             |     2 |     2 ||     4
Throw: Dart              |       |     1 ||     1
  Use: Potion            |     3 |     3 ||     6
       Scroll            |     3 |     1 ||     4
 Stab: Sleeping          |     2 |       ||     2
Armor: Robe              |    56 |       ||    56
       Scale mail        |     8 |    57 ||    65
       Skin              |       |    56 ||    56
Dodge: Dodged            |   143 |    46 ||   189
